 Dungeon Crawl Stone Soup version 0.23.2-30-g0e89c35649 (webtiles) character file.

Game seed: 3297474472887129853

77 Pizzadoos the Conjurer (level 4, -3/32 HPs)
             Began as a Human Conjurer on June 22, 2019.
             Was an Initiate of Nemelex Xobeh.
             Killed from afar by an orc wizard (6 damage)
             ... with a magic dart
             ... on level 3 of the Dungeon.
             The game lasted 00:13:09 (2974 turns).

Pizzadoos the Conjurer (Human Conjurer)             Turns: 2974, Time: 00:13:10

Health: -3/32      AC:  2    Str:  9    XL:     4   Next: 58%
Magic:  1/7        EV: 13    Int: 16    God:    Nemelex Xobeh [......]
Gold:   167        SH:  0    Dex: 13    Spells: 4/7 levels left

rFire    . . .     SeeInvis +   f - +0 short sword
rCold    . . .     Gourm    .   (no shield)
rNeg     . . .     Faith    .   a - +0 robe
rPois    +         Spirit   .   (no helmet)
rElec    .         Reflect  .   (no cloak)
rCorr    .         Harm     .   (no gloves)
MR       .....                  (no boots)
Stlth    ++........             (no amulet)
HPRegen  0.10/turn              n - ring of poison resistance
MPRegen  0.10/turn              b - ring of see invisible

@: no status effects
A: no striking features
a: Draw Escape, Draw Destruction, Draw Summoning, Renounce Religion


You were on level 3 of the Dungeon.
You worshipped Nemelex Xobeh.
Nemelex Xobeh was noncommittal.
You were not hungry.

You visited 1 branch of the dungeon, and saw 3 of its levels.

You collected 167 gold pieces.

Inventory:

Hand Weapons
 f - a +0 short sword (weapon)
Missiles
 d - 43 arrows
 l - 21 poisoned needles
Armour
 a - a +0 robe (worn)
Jewellery
 b - a ring of see invisible (right hand)
 n - a ring of poison resistance (left hand)
 q - a cursed amulet of inaccuracy {unknown}
Wands
 t - a wand of enslavement (7)
Scrolls
 g - 2 scrolls of teleportation {unknown}
 h - a scroll of magic mapping {unknown}
 j - a scroll of enchant armour {unknown}
 k - a scroll of noise {unknown}
 p - 2 scrolls of blinking {unknown}
 r - a scroll of enchant weapon {unknown}
Potions
 e - 2 potions of degeneration
 i - a potion of ambrosia
 m - a potion of lignification {unknown}
 o - a potion of magic {unknown}
Comestibles
 c - 5 rations
 s - a chunk of flesh


   Skills:
 + Level 1.5 Fighting
 + Level 0.6 Short Blades
 + Level 1.3 Armour
 + Level 2.4 Dodging
 + Level 2.3 Stealth
 + Level 2.3 Spellcasting
 + Level 4.3 Conjurations


You had 4 spell levels left.
You knew the following spells:

 Your Spells              Type           Power        Failure   Level  Hunger
a - Magic Dart            Conj           ###.         3%          1    #......
b - Searing Ray           Conj           ###...       5%          2    ###....

Your spell library contained the following spells:

 Spells                   Type           Power        Failure   Level  Hunger
 Dazzling Spray           Conj/Hex       #.....       26%         3    ###....
 Iskenderun's Mystic Bla  Conj           ###.....     34%         4    #####..
 Force Lance              Conj/Tloc      #.......     63%         4    #####..
 Fulminant Prism          Conj/Hex       #.........   63%         4    #####..


Dungeon Overview and Level Annotations

Branches:
Dungeon (3/15)

Altars:
Gozag
Nemelex Xobeh
Ru
Uskayaw


Message History

The magic dart hits you.
* * * LOW HITPOINT WARNING * * *
You hit the orc wizard.
The orc wizard is moderately wounded.
The orc wizard closely misses you.
You hit the orc wizard.
The orc wizard is moderately wounded.
The orc wizard casts a spell.
The orc wizard blinks!
Casting: Searing Ray (safe; 5% risk of failure)
Confirm with . or Enter, or press ? or * to list all spells.
Aiming: Magic Dart (safe; 3% risk of failure)
Press: ? - help, Shift-Dir - straight line, f/p - orc wizard
Aim: an orc wizard, wielding a +0 dagger and wearing a +0 robe (moderately wounded, fast)
The magic dart hits the orc wizard.
The orc wizard is heavily wounded.
The orc wizard gestures at you while chanting.
The magic dart hits you.
You die...
Your body disappears without a glow.

.# #.o#..# ###.
.###########..#..# ##....o
.............o.)o####...###.
############.)##............
#..#######.####.. #.#.## .#
#.###.## .# #.# ##)#####.##
#.# ##@.o..... ## #.########
#.## #.# #.# ##


You could see an orc wizard.

Vanquished Creatures
  An adder (D:2)
  An ooze (D:2)
  3 worms (D:2)
  A leopard gecko (D:2)
  2 orcs (D:3)
  A ball python (D:2)
  5 bats
  5 giant cockroaches
  5 goblins
  9 hobgoblins
  3 frilled lizards (D:2)
  6 kobolds
  9 rats
51 creatures vanquished.

Vanquished Creatures (others)
  An orc (D:3)
1 creature vanquished.

Grand Total: 52 creatures vanquished

Notes
Turn   | Place    | Note
-------+----------+-------------------------------------------
     0 | D:1      | Pizzadoos the Human Conjurer began the quest for the Orb.
     0 | D:1      | Reached XP level 1. HP: 13/13 MP: 3/3
   177 | D:1      | Reached XP level 2. HP: 7/19 MP: 0/5
   896 | D:1      | Learned a level 2 spell: Searing Ray
  1122 | D:2      | Reached skill level 1 in Fighting
  1122 | D:2      | Reached XP level 3. HP: 15/26 MP: 0/6
  1345 | D:2      | Found a sacrificial altar of Ru.
  1346 | D:2      | Found a sparkling altar of Nemelex Xobeh.
  1347 | D:2      | Found a hide-covered altar of Uskayaw.
  1348 | D:2      | Found an opulent altar of Gozag.
  1394 | D:2      | Reached skill level 1 in Armour
  1655 | D:2      | Became a worshipper of Nemelex Xobeh the Trickster
  1672 | D:2      | Received a gift from Nemelex Xobeh
  1758 | D:2      | Reached XP level 4. HP: 30/32 MP: 0/7
  2553 | D:2      | Received a gift from Nemelex Xobeh
  2974 | D:3      | Killed from afar by an orc wizard

Skill      XL: |  1  2  3 |
---------------+----------+-----
Fighting       | 1 |  1.5
Armour         | 1 |  1.3
Short Blades   | |  0.6
Dodging        | |  2.4
Stealth        | |  2.3
Spellcasting   | |  2.3
Conjurations   | |  4.3

Action                   |  1- 3 |  4- 6 || total
-------------------------+-------+-------++-------
Melee: Unarmed           |    12 |       ||    12
       Short sword       |    14 |    33 ||    47
 Cast: Magic Dart        |    65 |    32 ||    97
       Searing Ray       |       |     4 ||     4
Evoke: Wand              |       |     1 ||     1
  Use: Scroll            |     2 |     1 ||     3
 Stab: Sleeping          |     1 |     1 ||     2
  Eat: Chunk             |     3 |     5 ||     8
Armor: Robe              |     8 |     4 ||    12
Dodge: Dodged            |    24 |    10 ||    34
